Map: Odyssey LE

Players

Nobilem

  • Race: Zerg Zerg
  • Spawn Location: 5:00

Aizo - Winner!

  • Race: Terran Terran
  • League: Silver
  • Spawn Location: 11:00

VOD

Have the link to the VOD?

Description

Time

  • Played on: Sept. 22, 2017, 6:07 p.m.
  • Length: 29:05
Show
View Real Time Build Order
Export as new Build Order

Nobilem Zerg 

Build Orders: Pool First 

Get SALT Encoding   

  12  0:10  Overlord  
  12  0:28  Spawning Pool  
  11  0:33  Extractor  
  10  0:41  Drone, Evolution Chamber  
  10  0:47  Drone  
  11  1:03  Drone x2  
  13  1:39  Hatchery  
  12  1:51  Zergling x4  
  14  1:58  Metabolic Boost  
  14  2:09  Drone  
  14  2:10  Drone  
  16  2:28  Queen  
  18  2:43  Zergling x4  
  18  2:44  Zergling x2  
  21  2:52  Overlord  
  21  3:24  Lair  
  21  3:53  Roach Warren  
  21  3:55  Drone x3  
  23  3:57  Baneling Nest  
  23  3:58  Drone x2  
  24  4:19  Drone x2  
  24  4:21  Drone  
  24  4:22  Drone x2  
  29  4:31  Spore Crawler  
  28  4:36  Spore Crawler  
  27  4:46  Spore Crawler  
  27  4:52  Spore Crawler  
  26  5:14  Zergling x6  
  26  5:18  Drone  
  29  5:37  Drone x2  
  29  5:41  Hatchery  
  30  5:48  Hydralisk Den  
  29  5:53  Spore Crawler  
  29  5:56  Spore Crawler  
  27  6:08  Zergling x8  
  27  6:09  Zergling x2  
  34  6:11  Roach  
  31  6:38  Zergling x10  
  36  7:01  Baneling Nest  
  36  7:06  Drone  
  36  7:07  Drone  
  37  7:28  Hydralisk  
  37  7:29  Hydralisk  
  41  7:31  Overlord x2  
  41  7:34  Muscular Augments  
  41  7:47  Infestation Pit  
  39  8:00  Baneling x5  
  39  8:28  Hive  
  39  8:30  Drone x3  
  42  8:47  Spine Crawler  
  40  9:03  Drone x3  
  40  9:06  Drone x2  
  40  9:07  Drone  
  46  9:21  Nydus Network  
  45  9:28  Drone x2  
  45  9:29  Extractor  
  46  9:42  Drone x3  
  49  10:12  Roach x4  
  57  10:14  Overlord x4  
  57  10:20  Nydus Canal  
  57  10:54  Drone  
  57  10:55  Drone x2  
  60  11:09  Spine Crawler  
  60  11:11  Spine Crawler  
  58  11:19  Hydralisk  
  58  11:20  Hydralisk x4  
  68  11:30  Drone  
  68  11:31  Drone  
  70  11:33  Drone x2  
  72  11:45  Spine Crawler  
  71  11:50  Spine Crawler  
  71  11:53  Baneling x7  
  70  11:57  Drone x2  
  70  11:58  Extractor  
  71  12:04  Drone x3  
  74  12:32  Pneumatized Carapace  
  74  12:37  Hatchery  
  73  12:43  Roach x6  
  84  13:20  Hatchery  
  72  13:27  Zergling x2  
  72  13:28  Zergling x14  
  72  13:29  Zergling x4  
  79  13:47  Zergling x6  
  82  13:50  Baneling x4  
  82  13:51  Baneling x6  
  67  14:26  Drone  
  67  14:27  Zergling x12  
  67  14:28  Zergling x4  
  76  14:45  Drone x3  
  79  14:47  Drone x2  
  79  14:51  Spine Crawler  
  77  15:23  Spire  
  76  15:48  Zergling x8  
  76  15:49  Zergling x10  
  37  16:47  Corruptor x3  
  37  16:53  Mutalisk  
  45  17:03  Zergling x12  
  45  17:04  Zergling x10  
  45  17:08  Queen  
  58  17:13  Queen x2  
  42  17:43  Queen  
  44  17:49  Queen x2  
  40  18:08  Zergling x14  
  40  18:09  Zergling x4  
  49  18:19  Queen  
  49  18:25  Queen  
  43  18:48  Spawning Pool  
  23  19:22  Drone  
  23  19:23  Drone x4  
  28  19:29  Drone  
  28  19:30  Drone x2  
  31  19:36  Spawning Pool  
  31  19:37  Lair  
  30  19:39  Drone x2  
  30  19:40  Drone  
  30  19:42  Drone  
  34  19:59  Roach Warren  
  33  20:02  Baneling Nest  
  33  20:04  Evolution Chamber  
  31  20:47  Hydralisk Den  
  29  20:57  Infestation Pit  
  29  21:03  Extractor  
  29  21:04  Extractor  
  21  21:12  Hatchery  
  20  21:21  Hatchery, Spawning Pool  
  8  22:08  Drone x3  
  9  22:15  Hatchery  
  9  22:17  Hatchery  
  7  22:24  Drone  
  8  22:38  Drone  
  8  22:40  Drone  
  10  22:52  Hatchery  
  9  23:05  Drone x2  
  9  23:06  Drone  
  12  23:19  Hatchery  
  11  23:27  Zergling x6  
  11  23:33  Drone x2  
  16  24:01  Hatchery  
  8  24:13  Drone  
  8  24:15  Hatchery  
  8  24:16  Drone  
  3  24:41  Drone x2  
  5  25:21  Drone  
  3  25:29  Hatchery  
  2  25:42  Drone x2  
  3  27:02  Hatchery  
  2  27:09  Hatchery  
  2  27:15  Drone x3  
  1  28:26  Drone  
  2  28:29  Drone x2  
Show
View Real Time Build Order
Export as new Build Order

Aizo Terran - Winner!

Build Orders: MMM Bio 

Get SALT Encoding   

  12  0:08  Supply Depot  
  12  0:14  SCV  
  13  0:32  Barracks  
  13  0:33  SCV  
  14  0:45  SCV  
  14  0:46  Refinery  
  15  0:57  SCV  
  16  1:18  Orbital Command  
  16  1:20  Supply Depot  
  16  1:21  Marine  
  17  1:39  Marine  
  18  1:47  SCV  
  19  1:56  Marine  
  19  1:59  SCV  
  21  2:01  Factory  
  21  2:11  SCV  
  21  2:12  Refinery  
  21  2:15  Barracks Tech Lab  
  22  2:23  SCV  
  22  2:28  Barracks  
  23  2:35  SCV  
  24  2:38  Stimpack  
  26  2:48  Marine  
  26  2:50  Factory Reactor  
  25  3:05  Starport, Marine  
  26  3:15  Barracks Tech Lab  
  26  3:27  Marauder  
  28  3:33  Marine  
  29  3:48  Marauder  
  31  3:52  Factory Tech Lab  
  31  3:59  Marine  
  31  4:02  Supply Depot  
  32  4:03  SCV  
  32  4:04  Supply Depot  
  32  4:08  Medivac  
  32  4:09  Medivac, Marauder  
  39  4:23  Marine, SCV  
  41  4:25  Supply Depot  
  41  4:26  Supply Depot  
  41  4:31  Marauder  
  43  4:32  Siege Tank  
  43  4:35  SCV  
  47  4:41  Marine  
  48  4:50  Combat Shields  
  48  4:52  Marine  
  49  4:58  Supply Depot  
  49  4:59  Supply Depot  
  49  5:01  Marine  
  50  5:09  Marine  
  51  5:27  Marine  
  52  5:32  Supply Depot  
  52  5:35  Marine  
  53  5:42  Medivac x2  
  55  5:45  Marine  
  58  5:53  Marine  
  59  6:01  Supply Depot  
  59  6:03  Marine  
  60  6:06  Siege Tank  
  60  6:11  Marauder  
  65  6:21  Marine  
  66  6:32  Marine  
  67  6:39  Supply Depot  
  67  7:09  Marauder x2  
  71  7:16  Command Center  
  71  7:18  Supply Depot  
  71  7:26  Concussive Shells  
  71  7:30  Marauder  
  71  7:31  Marauder  
  75  7:51  Marine  
  75  7:52  Marauder  
  74  8:04  Supply Depot  
  74  8:09  Marine  
  75  8:13  Marine  
  75  8:18  Engineering Bay  
  76  8:20  Hellion  
  76  8:23  Engineering Bay  
  78  8:34  Supply Depot  
  78  8:36  Marauder x2  
  82  8:42  Hellion  
  82  8:56  Marine  
  82  8:57  Marauder  
  86  9:11  Orbital Command  
  86  9:14  Marine  
  86  9:18  Supply Depot, Terran Infantry Weapons Level 1  
  86  9:19  Terran Infantry Armor Level 1  
  86  9:21  Marauder  
  88  9:30  SCV  
  89  9:33  Marauder  
  91  9:42  Marine, SCV  
  93  9:51  Supply Depot  
  93  10:00  SCV x2  
  93  10:03  Marine, Marauder  
  98  10:12  SCV  
  98  10:13  SCV  
  100  10:20  Supply Depot  
  100  10:24  SCV  
  101  10:52  Supply Depot  
  99  11:09  Marauder x2  
  99  11:10  Medivac  
  99  11:11  Medivac  
  105  11:22  Armory  
  105  11:27  Refinery  
  105  11:30  Marine, Refinery  
  105  11:31  Marauder  
  108  11:40  Medivac  
  108  11:41  Medivac, Command Center  
  108  11:42  Supply Depot  
  112  11:49  Marauder  
  112  11:52  Marauder  
  116  12:06  Barracks  
  116  12:09  Marine  
  116  12:10  Medivac  
  116  12:13  Marauder  
  121  12:22  Supply Depot  
  121  12:27  Marine  
  122  12:35  Marauder  
  124  12:45  Marine  
  124  12:49  Siege Tank  
  128  12:51  Medivac  
  128  12:54  Medivac  
  128  12:56  Marine  
  133  13:03  Marine  
  134  13:13  Marine  
  135  13:21  Marine, Siege Tank  
  132  13:31  Marine  
  131  13:39  Marine  
  130  13:41  Marine  
  131  13:49  Marine  
  132  13:56  Marine  
  132  13:59  Marine  
  132  14:07  Marauder  
  130  14:15  Marauder  
  119  14:29  Marauder  
  121  14:36  Marine  
  121  14:41  Barracks Reactor  
  121  14:48  Medivac x2  
  121  14:50  Terran Infantry Armor Level 2, Marine, Terran Infantry Weapons Level 2  
  126  14:53  Marine  
  126  14:57  Orbital Command  
  127  15:08  Marauder  
  127  15:12  Marauder  
  131  15:18  Medivac x2  
  131  15:20  Marine x2  
  137  15:29  Marauder  
  137  15:33  Marine  
  140  15:37  Marine  
  140  15:38  Marine  
  142  15:48  Medivac  
  143  15:51  Marauder x2  
  143  15:55  Marine x2  
  149  16:05  Terran Vehicle And Ship Armor Level 1  
  149  16:12  Marauder x2  
  149  16:13  Marine x2  
  152  16:31  Marine x2  
  141  16:34  Marauder x2  
  143  16:49  Marine x2  
  145  16:54  Marine  
  145  16:55  Marauder  
  148  17:05  Medivac  
  148  17:06  Medivac  
  148  17:07  Marine x2  
  154  17:12  Marine  
  155  17:16  Marauder  
  157  17:24  Marine x2  
  159  17:31  Marauder  
  159  17:35  Medivac  
  159  17:36  Medivac  
  165  17:38  Marauder  
  165  17:42  Marine  
  162  18:05  Medivac  
  162  18:06  Medivac  
  161  18:35  Medivac  
  161  18:37  Marine x2, Marauder x2  
  161  18:39  Medivac  
  171  18:55  Marine x2  
  173  18:58  Marauder x2  
  177  19:05  Medivac  
  177  19:09  Medivac  
  181  19:13  Marine x2  
  183  19:20  Marauder x2  
  187  19:30  Marine  
  188  19:35  Medivac  
  190  19:39  Medivac  
  190  19:40  Terran Infantry Weapons Level 3  
  190  19:41  Marauder x2  
  190  19:45  SCV  
  197  19:50  Command Center  
  197  19:53  Marine x2  
  197  19:57  SCV  
  200  21:08  Terran Infantry Armor Level 3  
  200  21:09  Terran Vehicle And Ship Armor Level 2  
  200  22:34  Planetary Fortress  
  200  23:52  Terran Vehicle And Ship Armor Level 3  
  198  24:46  Refinery  
  198  25:05  Marauder  
  200  26:30  Terran Vehicle Weapons Level 1  
Tags
 
Composition
MMM Bio
League
Silver
Matchup
TvZ
Opening
Pool First
Spawn Locations
Cross Positions
Add a new tag
Caveats
  • Supply blocks, unpowered buildings, or Contaminate may cause inaccurate times.
  • Supply counts are checked every 10 seconds.